 Dungeon Crawl Stone Soup version 0.31-a0-640-g39d97e502b (webtiles) character file.

Game seed: 11746051946613277052

954 qw the Skirmisher (level 8, -1/49 HPs)
             Began as a Gargoyle Hunter on Aug 27, 2023.
             Slain by a killer bee (3 damage)
             ... on level 6 of the Dungeon.
             The game lasted 00:01:31 (4215 turns).

qw the Skirmisher (Gargoyle Hunter)                 Turns: 4215, Time: 00:01:31

Health: -1/49      AC: 12    Str: 14    XL:     8   Next: 14%
Magic:  8/8        EV: 12    Int: 11    God:
Gold:   67         SH:  0    Dex: 15    Spells: 7/7 levels left

rFire   + . .        Y - +0 orcbow
rCold   + . .        (shield currently unavailable)
rNeg    + . .        c - +1 robe {rC+ rF+}
rPois   inf          (no helmet)
rElec   +            (no cloak)
rCorr   .            d - +2 pair of gloves
SInv    .            k - +0 pair of boots
Will    .....        (no amulet)
Stlth   ++           (no ring)
HPRegen 0.28/turn    (no ring)
MPRegen 0.11/turn

%: no passive effects
@: no status effects
A: sickness immunity, AC +5, negative energy resistance 1, electricity
resistance, torment resistance 1, petrification resistance
a: no special abilities


You were on level 6 of the Dungeon.
You visited 1 branch of the dungeon, and saw 6 of its levels.

You collected 231 gold pieces.
You spent 164 gold pieces at shops.


Innate Abilities, Weirdness & Mutations

You are immune to sickness and miasma.
Your stone body is resilient. (AC +5)
You are immune to poison.
You resist negative energy. (rN+)
You are resistant to electric shocks. (rElec)
You are resistant to unholy torment.
You are immune to petrification.


   Skills:
 - Level 5.0 Fighting
 + Level 8.8 Ranged Weapons
 - Level 1.0 Armour
 - Level 2.2 Dodging
 - Level 1.1 Stealth


You had 7 spell levels left.
You didn't know any spells.
Your spell library was empty.

Inventory:

Hand Weapons
 Y - a +0 orcbow (weapon)
Armour
 c - a +1 robe of resistance (worn)
 d - a +2 pair of gloves (worn)
 f - a +0 ring mail
 k - a +0 pair of boots (worn)
Wands
 j - a wand of digging (6)
Scrolls
 a - a scroll of identify
 i - a scroll of silence {unknown}
Potions
 b - 2 potions of curing
 e - a potion of enlightenment
 g - 4 potions of mutation
 h - a potion of attraction {unknown}

Dungeon Overview and Level Annotations

Branches:
Dungeon (6/15)
 Temple: D:4-7

Altars:
Cheibriados
Elyvilon
Sif Muna
Wu Jian

Shops:
D:4 ?

Annotations:
D:3 3 runed translucent doors, qw's ghost, amateur GrHs


Message History

The killer bee stings you but does no damage. x2
You shoot an arrow.
The arrow closely misses the killer bee.
The killer bee closely misses you.
The killer bee stings you but does no damage.
You shoot an arrow. The arrow misses the killer bee.
The killer bee closely misses you.
The killer bee stings you but does no damage.
You shoot an arrow. The arrow hits the killer bee!
You kill the killer bee!
The killer bee barely misses you.
You shoot an arrow. The arrow misses the killer bee.
The killer bee stings you. The killer bee closely misses you.
You shoot an arrow. The arrow hits the killer bee.
The killer bee is moderately wounded.
The killer bee stings you but does no damage.
The killer bee stings you.
You shoot an arrow.
The arrow closely misses the killer bee.
The killer bee misses you. The killer bee stings you.
You shoot an arrow.
The arrow closely misses the killer bee.
The killer bee stings you. The killer bee barely misses you. x2
You shoot an arrow. The arrow barely misses the killer bee.
The killer bee closely misses you. The killer bee stings you.
You shoot an arrow. The arrow barely misses the killer bee.
The killer bee barely misses you. x2
You shoot an arrow. The arrow barely misses the killer bee.
The killer bee stings you but does no damage. x2
You shoot an arrow. The arrow misses the killer bee.
The killer bee stings you. x2
You shoot an arrow. The arrow hits the killer bee.
The killer bee is heavily wounded.
The killer bee stings you. The killer bee stings you!
You shoot an arrow. The arrow barely misses the killer bee.
The killer bee stings you but does no damage. x2
You shoot an arrow. The arrow hits the killer bee.
The killer bee is severely wounded.
The killer bee stings you.
You die...

# # #y .#
#y# .###
#..# .... #
.!.##..# ##.
#.y...#
..###y...#
#.#@##.#...#
#...# # #
#<#<# ...#.#
### #.# ..#
#..# #.## .#


You could see 2 killer bees.

Vanquished Creatures
  A water moccasin (D:5)
  An ogre (D:4)
  2 centaurs (D:5)
  A phantom (D:5)
  A scorpion (D:4)
  2 killer bees (D:6)
  A howler monkey (D:5)
  An orc priest (D:4)
  3 hounds (D:5)
  2 iguanas
  3 gnolls (D:3)
  5 adders
  A shadow imp (D:5)
  A white imp (D:6)
  A worm (D:4)
  2 dart slugs
  5 orcs
  5 endoplasms
  4 giant cockroaches
  13 goblins
  5 hobgoblins
  7 jackals
  A quokka (D:1)
  5 ball pythons
  3 bats
  8 frilled lizards
  9 kobolds
  7 rats
100 creatures vanquished.

Notes
Turn   | Place    | Note
-------+----------+-------------------------------------------
     0 | D:1      | qw the Gargoyle Hunter began the quest for the Orb.
     0 | D:1      | Reached XP level 1. HP: 12/12 MP: 1/1
     0 | D:1      | 0 ||| qw: Version: 0.3-a-74-g0d5e918
     0 | D:1      | 0 ||| qw: Game counter: 62
     0 | D:1      | 0 ||| qw: Melee chars always use a shield: true
     0 | D:1      | 0 ||| qw: God list: Okawaru
     0 | D:1      | 0 ||| qw: Allow faded altars: false
     0 | D:1      | 0 ||| qw: Do Orc after clearing Dungeon:15 true
     0 | D:1      | 0 ||| qw: Do second Lair branch before Depths: true
     0 | D:1      | 0 ||| qw: Lair rune preference: random
     0 | D:1      | 0 ||| qw: Goals: Normal
     0 | D:1      | 0 ||| PLANNING D:1-11
   164 | D:1      | Reached XP level 2. HP: 17/17 MP: 2/2
   655 | D:1      | Reached XP level 3. HP: 21/21 MP: 3/3
   657 | D:1      | 657 ||| UPGRADING to +1 pair of gloves.
   662 | D:1      | 662 ||| READING scroll labelled QYAROR RIFEFAL.
   663 | D:1      | 663 ||| READING 2 scrolls labelled KIGASTRIDDOM.
   664 | D:1      | 664 ||| READING scroll of enchant weapon.
   664 | D:1      | 664 ||| ENCHANTING +1 shortbow.
   665 | D:1      | 665 ||| READING scroll labelled TADGHI TORIGOH.
   666 | D:1      | 666 ||| READING scroll labelled XIRIGE PAETH.
   669 | D:1      | 669 ||| DRINKING 2 lumpy inky potions.
   669 | D:1      | Gained mutation: Your magical capacity is low. (-10% MP)
                  | [potion of mutation]
   669 | D:1      | Lost mutation: Your magical capacity is low. (-10% MP)
                  | [potion of mutation]
   682 | D:1      | 682 ||| DROPPING scroll of butterflies.
   709 | D:2      | Found a white marble altar of Elyvilon.
   785 | D:2      | Reached skill level 5 in Ranged Weapons
   843 | D:2      | Reached skill level 3 in Fighting
   862 | D:2      | Reached XP level 4. HP: 28/28 MP: 4/4
  1049 | D:2      | 1049 ||| UPGRADING to +0 ring mail.
  1059 | D:2      | 1059 ||| DROPPING +0 leather armour.
  1060 | D:2      | 1060 ||| READING scroll labelled YNESHO ROIGAWK.
  1139 | D:3      | Noticed qw's ghost (amateur GrHs)
  1169 | D:3      | Found a runed translucent gate.
  1169 | D:3      | Found a runed translucent gate.
  1169 | D:3      | Found a runed translucent gate.
  1211 | D:3      | 1211 ||| FLEEEEING.
  1212 | D:3      | 1212 ||| FLEEEEING.
  1215 | D:3      | 1215 ||| FLEEEEING.
  1219 | D:3      | 1219 ||| FLEEEEING.
  1220 | D:3      | 1220 ||| FLEEEEING.
  1250 | D:3      | Reached skill level 1 in Armour
  1287 | D:3      | 1287 ||| RETREATING.
  1429 | D:3      | Found a shimmering blue altar of Sif Muna.
  2087 | D:3      | 2087 ||| DRINKING 2 bubbling ruby potions.
  2125 | D:4      | Reached XP level 5. HP: 32/32 MP: 5/5
  2160 | D:4      | Reached skill level 6 in Ranged Weapons
  2179 | D:4      | Found Qopecko's Magic Scroll Shop.
  2189 | D:4      | 2189 ||| BUYING scroll of enchant armour (82 gold).
  2189 | D:4      | Bought a scroll of enchant armour for 82 gold pieces
  2189 | D:4      | 2189 ||| BUYING scroll of enchant weapon (82 gold).
  2189 | D:4      | Bought a scroll of enchant weapon for 82 gold pieces
  2189 | D:4      | 2189 ||| SHOPLISTING scroll of identify (22 gold, have 21).
  2189 | D:4      | 2189 ||| READING scroll of enchant armour.
  2189 | D:4      | 2189 ||| ENCHANTING +1 pair of gloves.
  2190 | D:4      | 2190 ||| READING scroll of enchant weapon.
  2190 | D:4      | 2190 ||| ENCHANTING +2 shortbow.
  2324 | D:4      | Identified the +6 chain mail of Hangman {rN++}
  2540 | D:4      | Reached XP level 6. HP: 38/38 MP: 6/6
  2573 | D:4      | Found a snail-covered altar of Cheibriados.
  2655 | D:4      | 2655 ||| FLEEEEING.
  2656 | D:4      | 2656 ||| FLEEEEING.
  2657 | D:4      | 2657 ||| FLEEEEING.
  2658 | D:4      | 2658 ||| FLEEEEING.
  2659 | D:4      | 2659 ||| FLEEEEING.
  2660 | D:4      | 2660 ||| FLEEEEING.
  2661 | D:4      | 2661 ||| FLEEEEING.
  2665 | D:4      | 2665 ||| FLEEEEING.
  2666 | D:4      | 2666 ||| FLEEEEING.
  2670 | D:4      | 2670 ||| FLEEEEING.
  2671 | D:4      | 2671 ||| FLEEEEING.
  2672 | D:4      | 2672 ||| FLEEEEING.
  2673 | D:4      | 2673 ||| FLEEEEING.
  2674 | D:4      | 2674 ||| FLEEEEING.
  2975 | D:4      | 2975 ||| UPGRADING to +1 robe of resistance.
  2985 | D:4      | 2985 ||| UPGRADING to +0 pair of boots.
  2990 | D:4      | 2990 ||| READING scroll labelled ISICRAC UL HAZ.
  2991 | D:4      | 2991 ||| READING 2 scrolls of identify.
  2991 | D:4      | 2991 ||| IDENTIFYING red potion
  2996 | D:5      | Entered Level 5 of the Dungeon
  3011 | D:5      | Reached skill level 7 in Ranged Weapons
  3011 | D:5      | Reached XP level 7. HP: 34/43 MP: 7/7
  3068 | D:5      | 3068 ||| SWAPPING to +0 orcbow.
  3069 | D:5      | 3069 ||| DROPPING +3 shortbow of draining.
  3453 | D:5      | Reached skill level 8 in Ranged Weapons
  3641 | D:5      | Found an ornate altar of the Wu Jian Council.
  3822 | D:5      | Reached XP level 8. HP: 49/49 MP: 8/8
  4121 | D:5      | 4121 ||| READING scroll labelled PIBIAW XAFIA.
  4122 | D:5      | 4122 ||| DRINKING 2 sedimented amethyst potions.
  4153 | D:5      | 4153 ||| DROPPING potion of lignification.
  4188 | D:6      | 4188 ||| Stepping ~*~*~tactically~*~*~ (retreating).
  4212 | D:6      | HP: 11/49 [killer bee (5)]
  4213 | D:6      | HP: 2/49 [killer bee (8)]
  4215 | D:6      | Slain by a killer bee

Levels and vault maps discovered:
D:1:      dpeg_arrival_snail, layout_basic, st_stairs_7
D:2:      layout_rooms, basic_altar, dreamdust_mushroom_princess
D:3:      layout_basic, marbit_many_paths, gammafunk_ghost_icy
D:4:      layout_cave_pods, mainiacjoe_overflow_surrounded_room, serial_shops,
          nicolae_shop_tiny_statue_garden, minmay_ogre_servants
D:5:      layout_basic, kennysheep_little_box
D:6:      layout_loops_ring, minmay_temple_entry_arrows, uniq_menkaure

Skill      XL: |  1  2  3  4  5  6  7 |
---------------+----------------------+-----
Ranged Weapons | 5 6 7 8 |  8.8
Fighting       | 3 4 5 |  5.0
Armour         | 1 |  1.0
Dodging        | 2 |  2.2
Stealth        | |  1.1

Action                     |  1- 3 |  4- 6 |  7- 9 || total
---------------------------+-------+-------+-------++-------
   Fire: Shortbow          |    94 |   139 |       ||   233
         Orcbow            |       |       |    93 ||    93
    Use: Scroll            |     5 |     5 |     1 ||    11
         Potion            |     1 |     1 |     1 ||     3
 Armour: Leather armour    |    11 |     1 |       ||    12
         Ring mail         |       |    45 |       ||    45
         Robe              |       |       |    34 ||    34
  Dodge: Dodged            |    17 |    51 |    41 ||   109

Table legend:
 A = Non-vault XP
 B = Vault XP
 C = Vault XP percentage of total XP
 D = Non-vault monster count
 E = Vault monster count
 F = Vault count percentage of total count
                 A         B        C        D         E       F
            +---------+---------+-------+---------+---------+-------
      Total |    1222 |     142 |  10.4 |      88 |      12 |  12.0
            +---------+---------+-------+---------+---------+-------
        D:1 |      30 |       4 |  11.8 |      19 |       2 |   9.5
        D:2 |      50 |       0 |   0.0 |      17 |       0 |   0.0
        D:3 |      79 |       1 |   1.2 |      22 |       1 |   4.3
        D:4 |     213 |     137 |  39.1 |      15 |       9 |  37.5
        D:5 |     717 |       0 |   0.0 |      12 |       0 |   0.0
        D:6 |     133 |       0 |   0.0 |       3 |       0 |   0.0
            +---------+---------+-------+---------+---------+-------
